PL
CHICAGO GOLD SOX @ RICHARDSON CITY THUNDERCATS
05/05/2030
 
TOP OF THE 1ST
Chicago Gold Sox batting - Pitching for Richardson City Thundercats : RHP Josef van der Poel
Pitching: RHP Josef van der Poel
Batting: LHB Stanley Belote 0-0: Ball
1-0: Foul Ball, location: 2F
1-1: Ball
2-1: Ball
3-1: Foul Ball, location: 2F
3-2: Foul Ball, location: 2F
3-2: Foul Ball, location: 2F
3-2: Fly out, F6 (Popup, 6MD)
Batting: RHB Zeus Preckwinkle 0-0: Ball
1-0: Called Strike
1-1: Swinging Strike
1-2: SINGLE (Groundball, 6MD)
Batting: LHB Noel Ballard 0-0: Ball
1-0: Ground out 5-3 (Groundball, 56S)
Zeus Preckwinkle to second
Batting: SHB Lupo Cotto 0-0: Swinging Strike
0-1: Ball
1-1: Foul Ball, location: 2F
1-2: TRIPLE (Groundball, 3L)
Zeus Preckwinkle scores
Batting: LHB Dewitt Hopper 0-0: Called Strike
0-1: Swinging Strike
0-2: Ball
1-2: Ball
2-2: Ball
3-2: Foul Ball, location: 2F
3-2: Strikes out swinging
Top of the 1st over - 1 run, 2 hits, 0 errors, 1 left on base; Chicago 1 - Richardson City 0
BOTTOM OF THE 1ST
Richardson City Thundercats batting - Pitching for Chicago Gold Sox : LHP Jesús Tejeda
Pitching: LHP Jesús Tejeda
Batting: SHB Mitch Qualtrough 0-0: Foul Ball, location: 2F
0-1: Ground out 3-1 (Groundball, 34)
Batting: RHB IV Seacat 0-0: Ground out 6-3 (Groundball, 6)
Batting: RHB Anselmo Berneu 0-0: Called Strike
0-1: Ball
1-1: Foul Ball, location: 2F
1-2: Ball
2-2: Foul Ball, location: 2F
2-2: Ball
3-2: Ground out 3-1 (Groundball, 34D)
Bottom of the 1st over - 0 runs, 0 hits, 0 errors, 0 left on base; Chicago 1 - Richardson City 0
TOP OF THE 2ND
Chicago Gold Sox batting - Pitching for Richardson City Thundercats : RHP Josef van der Poel
Batting: LHB Ricardo Collazo 0-0: Called Strike
0-1: Ball
1-1: Ball
2-1: SINGLE (Line Drive, 8RS)
Batting: LHB Sergio Rodríguez 0-0: Called Strike
Ricardo Collazo steals 2nd base
0-1: Foul Ball, location: 2F
0-2: Ball
1-2: Foul Ball, location: 2F
1-2: Ground out 6-3 (Groundball, 6M)
Ricardo Collazo to third
Batting: RHB Manuel Guillama 0-0: Foul Ball, location: 2F
0-1: Swinging Strike
0-2: Strikes out swinging, 2-3 out at first.
Batting: LHB Naohiro Sakai 0-0: Called Strike
0-1: SINGLE (Line Drive, 8RS)
Ricardo Collazo scores
Batting: LHB Stanley Belote 0-0: Called Strike
0-1: SINGLE (Groundball, 3L) (infield hit)
Naohiro Sakai to second
Batting: RHB Zeus Preckwinkle 0-0: Foul Ball, location: 2F
0-1: Foul Ball, location: 2F
0-2: SINGLE (Groundball, 6MD)
Naohiro Sakai to third
Stanley Belote to second
Runner from 3rd tries for Home, SAFE, no throw
Batting: LHB Noel Ballard 0-0: Ball
1-0: Foul Ball, location: 2F
1-1: Ball
2-1: SINGLE (Groundball, 56D)
Stanley Belote to third
Zeus Preckwinkle to second
Runner from 3rd tries for Home, SAFE, no throw
Batting: SHB Lupo Cotto 0-0: Foul Ball, location: 2F
0-1: Called Strike
0-2: Fly out, F7 (Flyball, 78M)
Top of the 2nd over - 3 runs, 5 hits, 0 errors, 2 left on base; Chicago 4 - Richardson City 0
BOTTOM OF THE 2ND
Richardson City Thundercats batting - Pitching for Chicago Gold Sox : LHP Jesús Tejeda
Batting: RHB Tomás Martínez 0-0: SOLO HOME RUN (Flyball, 7D), Distance : 468 ft
Batting: RHB Javier Rivera 0-0: Ball
1-0: Called Strike
1-1: Foul Ball, location: 2F
1-2: Ball
2-2: Strikes out swinging
Batting: RHB Pedro Castillo 0-0: Ball
1-0: Fly out, F8 (Flyball, 8RM)
Batting: RHB Louis Gibbons 0-0: Ball
1-0: Foul Ball, location: 2F
1-1: DOUBLE (Flyball, 8LXD)
Pinch Runner at 2nd Alden Wiley:
Batting: LHB Jeff Lawson 0-0: Ball
1-0: Swinging Strike
Passed Ball!
Alden Wiley to third
1-1: Called Strike
1-2: Fly out, F9 (Flyball, 9)
Bottom of the 2nd over - 1 run, 2 hits, 0 errors, 1 left on base; Chicago 4 - Richardson City 1
TOP OF THE 3RD
Chicago Gold Sox batting - Pitching for Richardson City Thundercats : RHP Josef van der Poel
Now at 3B: Alden Wiley
Batting: LHB Dewitt Hopper 0-0: Ball
1-0: Ball
2-0: SOLO HOME RUN (Flyball, 9LD), Distance : 333 ft
Batting: LHB Ricardo Collazo 0-0: Ball
1-0: Swinging Strike
1-1: Foul Ball, location: 2F
1-2: Ball
2-2: Ground out 5-3 (Groundball, 5)
Batting: LHB Sergio Rodríguez 0-0: Ball
1-0: Fly out, F3 (Popup, 34S)
Batting: RHB Manuel Guillama 0-0: Called Strike
0-1: Ball
1-1: Ball
2-1: Fly out, F9 (Flyball, 9S)
Top of the 3rd over - 1 run, 1 hit, 0 errors, 0 left on base; Chicago 5 - Richardson City 1
BOTTOM OF THE 3RD
Richardson City Thundercats batting - Pitching for Chicago Gold Sox : LHP Jesús Tejeda
Batting: RHB Bruce Ingilby 0-0: Called Strike
0-1: Foul Ball, location: 2F
0-2: Reached on error, E2 (Groundball, 2L)
Batting: SHB Mitch Qualtrough 0-0: Ball
1-0: Swinging Strike
1-1: Ground out 4-3 (Groundball, 4)
Bruce Ingilby to third
Batting: RHB IV Seacat 0-0: SINGLE (Flyball, 56D)
Bruce Ingilby scores
Batting: RHB Anselmo Berneu 0-0: Ball
1-0: Ball
2-0: SINGLE (Line Drive, 6D)
IV Seacat to second
Batting: RHB Tomás Martínez 0-0: Called Strike
0-1: Ball
1-1: Foul Ball, location: 2F
1-2: Fly out, F7 (Flyball, 7LSF)
Batting: RHB Javier Rivera 0-0: Foul Ball, location: 2F
0-1: Swinging Strike
0-2: Ground out 5-3 (Groundball, 56S)
Bottom of the 3rd over - 1 run, 2 hits, 1 error, 2 left on base; Chicago 5 - Richardson City 2
TOP OF THE 4TH
Chicago Gold Sox batting - Pitching for Richardson City Thundercats : RHP Josef van der Poel
Batting: LHB Naohiro Sakai 0-0: Called Strike
0-1: Ball
1-1: Ground out 6-3 (Groundball, 6M)
Batting: LHB Stanley Belote 0-0: Called Strike
0-1: Ball
1-1: Ball
2-1: Foul Ball, location: 2F
2-2: Foul Ball, location: 2F
2-2: Foul Ball, location: 2F
2-2: Ball
3-2: Fly out, F8 (Flyball, 8RXD)
Batting: RHB Zeus Preckwinkle 0-0: Fly out, F7 (Flyball, 7S)
Top of the 4th over - 0 runs, 0 hits, 0 errors, 0 left on base; Chicago 5 - Richardson City 2
BOTTOM OF THE 4TH
Richardson City Thundercats batting - Pitching for Chicago Gold Sox : LHP Jesús Tejeda
Batting: RHB Pedro Castillo 0-0: Called Strike
0-1: Ball
1-1: Ball
2-1: Ball
3-1: Called Strike
3-2: Ground out 5-3 (Groundball, 56)
Batting: RHB Alden Wiley 0-0: Ball
1-0: Ball
2-0: Called Strike
2-1: Ground out 6-3 (Groundball, 6)
Batting: LHB Jeff Lawson 0-0: Ball
1-0: Swinging Strike
1-1: Ball
2-1: Fly out, F9 (Flyball, 9)
Bottom of the 4th over - 0 runs, 0 hits, 0 errors, 0 left on base; Chicago 5 - Richardson City 2
TOP OF THE 5TH
Chicago Gold Sox batting - Pitching for Richardson City Thundercats : RHP Josef van der Poel
Batting: LHB Noel Ballard 0-0: Called Strike
0-1: Ground out 6-3 (Groundball, 6)
Pitching: RHP Héctor Alarcon
Batting: SHB Lupo Cotto 0-0: Called Strike
0-1: DOUBLE (Flyball, 8RXD)
Pinch Runner at 2nd Marcos Costa:
Batting: LHB Dewitt Hopper 0-0: Called Strike
0-1: Called Strike
0-2: Ball
1-2: Ball
2-2: Ball
3-2: Ground out 4-3 (Groundball, 4)
Marcos Costa to third
Batting: LHB Ricardo Collazo 0-0: Foul Ball, location: 2F
0-1: Foul Ball, location: 2F
0-2: Foul Ball, location: 2F
0-2: Ball
1-2: Strikes out swinging
Top of the 5th over - 0 runs, 1 hit, 0 errors, 1 left on base; Chicago 5 - Richardson City 2
BOTTOM OF THE 5TH
Richardson City Thundercats batting - Pitching for Chicago Gold Sox : LHP Jesús Tejeda
Now at 1B: Marcos Costa
Batting: RHB Bruce Ingilby 0-0: Ground out 6-3 (Groundball, 6)
Batting: SHB Mitch Qualtrough 0-0: Fly out, F8 (Flyball, 89D)
Batting: RHB IV Seacat 0-0: Swinging Strike
0-1: Ball
1-1: Ground out 6-3 (Groundball, 6M)
Bottom of the 5th over - 0 runs, 0 hits, 0 errors, 0 left on base; Chicago 5 - Richardson City 2
TOP OF THE 6TH
Chicago Gold Sox batting - Pitching for Richardson City Thundercats : RHP Héctor Alarcon
Batting: LHB Sergio Rodríguez 0-0: Foul Ball, location: 2F
0-1: Called Strike
0-2: Foul Ball, location: 2F
0-2: Foul Ball, location: 2F
0-2: Ball
1-2: SINGLE (Groundball, 4MD)
Batting: RHB Manuel Guillama 0-0: Called Strike
Sergio Rodríguez steals 2nd base
0-1: Called Strike
0-2: Reached on error, E5 (Groundball, 56)
Sergio Rodríguez to third
Batting: LHB Naohiro Sakai 0-0: Fly out, F7 (Flyball, 7S)
Batting: LHB Stanley Belote 0-0: Called Strike
0-1: Called Strike
0-2: Ball
1-2: Ball
2-2: Ball
3-2: Base on Balls
Manuel Guillama to second
Batting: RHB Zeus Preckwinkle 0-0: Called Strike
0-1: Ball
1-1: Fly out, F9 (Flyball, 89D)
Runner from 3rd tags up, SCORES, throw made
Batting: LHB Noel Ballard 0-0: Ball
1-0: Called Strike
1-1: Foul Ball, location: 2F
1-2: Ball
2-2: Foul Ball, location: 2F
2-2: SINGLE (Groundball, 4MD)
Manuel Guillama to third
Stanley Belote to second
Batting: LHB Marcos Costa 0-0: Ball
1-0: Called Strike
1-1: Fly out, F7 (Flyball, 7LM)
Top of the 6th over - 1 run, 2 hits, 1 error, 3 left on base; Chicago 6 - Richardson City 2
BOTTOM OF THE 6TH
Richardson City Thundercats batting - Pitching for Chicago Gold Sox : LHP Jesús Tejeda
Batting: RHB Anselmo Berneu 0-0: Swinging Strike
0-1: Ball
1-1: Ground out 5-3 (Groundball, 56S)
Batting: RHB Tomás Martínez 0-0: Called Strike
0-1: Ball
1-1: Foul Ball, location: 2F
1-2: Ball
2-2: Foul Ball, location: 2F
2-2: Ball
3-2: Foul Ball, location: 2F
3-2: Fly out, F7 (Flyball, 7S)
Batting: RHB Javier Rivera 0-0: Called Strike
0-1: DOUBLE (Line Drive, 9LM)
Batting: RHB Pedro Castillo 0-0: Ball
1-0: Ball
2-0: Called Strike
2-1: Ground out 6-3 (Groundball, 6S)
Bottom of the 6th over - 0 runs, 1 hit, 0 errors, 1 left on base; Chicago 6 - Richardson City 2
TOP OF THE 7TH
Chicago Gold Sox batting - Pitching for Richardson City Thundercats : RHP Héctor Alarcon
Batting: LHB Dewitt Hopper 0-0: Called Strike
0-1: Called Strike
0-2: Foul Ball, location: 2F
0-2: Ball
1-2: Strikes out looking and he ARGUES THE CALL AND IS TOSSED!
Batting: LHB Ricardo Collazo 0-0: Called Strike
0-1: Ball
1-1: Ground out 4-3 (Groundball, 4S)
Batting: LHB Sergio Rodríguez 0-0: Called Strike
0-1: Ball
1-1: SINGLE (Line Drive, 4) (infield hit)
Batting: RHB Manuel Guillama 0-0: SINGLE (Flyball, 8RS)
Sergio Rodríguez to second
Runner from 2nd tries for 3rd, SAFE, throw made to third
Batting: LHB Naohiro Sakai 0-0: Called Strike
0-1: Ball
1-1: Ball
2-1: Foul Ball, location: 2F
2-2: Ball
3-2: Fly out, F3 (Line Drive, 34)
Top of the 7th over - 0 runs, 2 hits, 0 errors, 2 left on base; Chicago 6 - Richardson City 2
BOTTOM OF THE 7TH
Richardson City Thundercats batting - Pitching for Chicago Gold Sox : LHP Jesús Tejeda
Batting: RHB Alden Wiley 0-0: Ball
1-0: Ball
2-0: Called Strike
2-1: Swinging Strike
2-2: Ground out 5-3 (Groundball, 56S)
Batting: LHB Jeff Lawson 0-0: Ball
1-0: Foul Ball, location: 2F
1-1: Foul Ball, location: 2F
1-2: Ground out 3-1 (Groundball, 34S)
Batting: RHB Bruce Ingilby 0-0: Ground out 4-3 (Groundball, 4MD)
Bottom of the 7th over - 0 runs, 0 hits, 0 errors, 0 left on base; Chicago 6 - Richardson City 2
TOP OF THE 8TH
Chicago Gold Sox batting - Pitching for Richardson City Thundercats : RHP Héctor Alarcon
Batting: LHB Stanley Belote 0-0: Called Strike
0-1: Foul Ball, location: 2F
0-2: Ball
1-2: Foul Ball, location: 2F
1-2: Foul Ball, location: 2F
1-2: Foul Ball, location: 2F
1-2: Foul Ball, location: 2F
1-2: Ground out 4-3 (Groundball, 4)
Batting: RHB Zeus Preckwinkle 0-0: Called Strike
0-1: Ball
1-1: Ball
2-1: Ground out 3-1 (Groundball, 34S)
Batting: LHB Noel Ballard 0-0: Ball
1-0: Swinging Strike
1-1: Ball
2-1: Foul Ball, location: 2F
2-2: Foul Ball, location: 2F
2-2: Ground out 1-3 (Groundball, 13S)
Top of the 8th over - 0 runs, 0 hits, 0 errors, 0 left on base; Chicago 6 - Richardson City 2
BOTTOM OF THE 8TH
Richardson City Thundercats batting - Pitching for Chicago Gold Sox : LHP Jesús Tejeda
Batting: SHB Mitch Qualtrough 0-0: SINGLE (Line Drive, 6D)
Batting: RHB IV Seacat 0-0: Ball
1-0: Ball
2-0: Fielders Choice at 2nd, 5-4 (Groundball, 56)
Batting: RHB Anselmo Berneu 0-0: Ball
1-0: Called Strike
1-1: Grounds into double play, 5-4-3 (Groundball, 5)
Bottom of the 8th over - 0 runs, 1 hit, 0 errors, 0 left on base; Chicago 6 - Richardson City 2
TOP OF THE 9TH
Chicago Gold Sox batting - Pitching for Richardson City Thundercats : RHP Héctor Alarcon
Pitching: LHP Armando Gonzáles
Batting: LHB Marcos Costa 0-0: Foul Ball, location: 2F
0-1: Called Strike
0-2: Ball
1-2: Ball
2-2: Strikes out looking
Batting: RHB Ben Kennerly 0-0: Called Strike
0-1: Ball
1-1: SINGLE (Groundball, 6MD)
Batting: LHB Ricardo Collazo 0-0: Called Strike
0-1: Called Strike
0-2: Ball
1-2: Foul Ball, location: 2F
1-2: Ball
2-2: Ball
3-2: Foul Ball, location: 2F
3-2: Fly out, F1 (Line Drive, 15)
Batting: LHB Sergio Rodríguez 0-0: Ball
1-0: Ball
2-0: Ball
3-0: Called Strike
3-1: Foul Ball, location: 2F
3-2: Strikes out swinging
Top of the 9th over - 0 runs, 1 hit, 0 errors, 1 left on base; Chicago 6 - Richardson City 2
BOTTOM OF THE 9TH
Richardson City Thundercats batting - Pitching for Chicago Gold Sox : LHP Jesús Tejeda
Batting: RHB Tomás Martínez 0-0: Ball
1-0: Called Strike
1-1: SINGLE (Groundball, 6MD)
Batting: RHB Javier Rivera 0-0: SINGLE (Groundball, 6D)
Tomás Martínez to second
Pitching: LHP Dan Crowder
Batting: RHB Pedro Castillo 0-0: Ball
1-0: Swinging Strike
1-1: Foul Ball, location: 2F
1-2: Ball
2-2: Ground out 5-3 (Groundball, 56S)
Tomás Martínez to third
Javier Rivera to second
Batting: RHB Alden Wiley 0-0: Ball
1-0: Ball
2-0: Swinging Strike
2-1: Foul Ball, location: 2F
2-2: Ball
3-2: Foul Ball, location: 2F
3-2: Foul Ball, location: 2F
3-2: Fly out, F7 (Flyball, 7S)
Batting: LHB Jeff Lawson 0-0: Called Strike
0-1: Ball
1-1: Ball
2-1: Foul Ball, location: 2F
2-2: Ground out 1-3 (Groundball, P)
Bottom of the 9th over - 0 runs, 2 hits, 0 errors, 2 left on base; Chicago 6 - Richardson City 2
Sunday, March 18th, 2018 - OOTP Baseball 18.8 Build 76